CAL (WIN)
VISALIA RAWHIDE @ CLEARWATER THRESHERS
12/06/2048
 
TOP OF THE 1ST
Visalia Rawhide batting - Pitching for Clearwater Threshers : RHP Shamar Hansford
Pitching: RHP Shamar Hansford
Batting: RHB Mike Smith 0-0: Ball
1-0: Foul Ball, location: 2F
1-1: DOUBLE (Flyball, 89D, EV 94.4 MPH)
Batting: RHB Cesar Rendon 0-0: Ball
1-0: SINGLE (Flyball, 4D, EV 87.5 MPH)
Mike Smith to third
Batting: RHB Daniel Rivera 0-0: Ball
1-0: Fielders Choice at 2nd, 6-4 (Groundball, 6, EV 88.1 MPH)
Mike Smith scores
Batting: RHB D.J. Cooke 0-0: Called Strike
0-1: Grounds into double play, 6-4-3 (Groundball, 6, EV 102.5 MPH)
Top of the 1st over - 1 run, 2 hits, 0 errors, 0 left on base; Visalia 1 - Clearwater 0
BOTTOM OF THE 1ST
Clearwater Threshers batting - Pitching for Visalia Rawhide : LHP Elias Reyes
Pitching: LHP Elias Reyes
Batting: LHB Jonathan Roman 0-0: Called Strike
0-1: Hit by Pitch
Batting: SHB Steve DeRienzo 0-0: Ball
Jonathan Roman steals 2nd base (no throw)
1-0: Ball
2-0: Ball
3-0: Base on Balls
Batting: LHB Ryan Young 0-0: Ball
1-0: Foul Ball, location: 2F
1-1: Called Strike
1-2: Strikes out swinging
Batting: RHB Eddie Serna 0-0: Called Strike
0-1: Ball
1-1: Ball
2-1: Foul Ball, location: 2F
2-2: Ground out 5-3 (Groundball, 56S, EV 68.1 MPH)
Jonathan Roman to third
Steve DeRienzo to second
Batting: LHB Jason Duda 0-0: Called Strike
0-1: Foul Ball, location: 2F
0-2: Ball
1-2: Strikes out swinging
Bottom of the 1st over - 0 runs, 0 hits, 0 errors, 2 left on base; Visalia 1 - Clearwater 0
TOP OF THE 2ND
Visalia Rawhide batting - Pitching for Clearwater Threshers : RHP Shamar Hansford
Batting: LHB Ron Mills 0-0: Ball
1-0: Foul Ball, location: 2F
1-1: Ball
2-1: Called Strike
2-2: Strikes out swinging
Batting: SHB Blaine Peters 0-0: Called Strike
0-1: Ball
1-1: Ball
2-1: SINGLE (Flyball, 5D, EV 98.8 MPH)
Batting: RHB Sean Tanner 0-0: Called Strike
0-1: Ball
Passed Ball!
Blaine Peters to second
1-1: Swinging Strike
1-2: Strikes out looking
Batting: LHB Julio Zamora 0-0: Ball
Passed Ball!
Blaine Peters to third
1-0: Called Strike
1-1: Ball
2-1: Swinging Strike
Passed Ball!
Blaine Peters scores
2-2: Strikes out swinging
Top of the 2nd over - 1 run, 1 hit, 0 errors, 0 left on base; Visalia 2 - Clearwater 0
BOTTOM OF THE 2ND
Clearwater Threshers batting - Pitching for Visalia Rawhide : LHP Elias Reyes
Batting: RHB Juan Valadez 0-0: Ball
1-0: Foul Ball, location: 2F
1-1: SINGLE (Line Drive, 4M, EV 100.0 MPH)
Batting: RHB Trent Hedrick 0-0: Ball
1-0: Called Strike
1-1: Swinging Strike
1-2: SINGLE (Groundball, 34D, EV 100.6 MPH)
Juan Valadez to second
Runner from 2nd tries for 3rd, OUT! 9-5
Trent Hedrick to second
Batting: LHB Dennis French 0-0: Foul Ball, location: 2F
0-1: Ball
1-1: Ball
2-1: Foul Ball, location: 2F
2-2: Foul Ball, location: 2F
2-2: Foul Ball, location: 2F
2-2: Ball
3-2: Base on Balls
Batting: RHB Rafael Soto 0-0: Called Strike
0-1: SINGLE (Line Drive, 34D, EV 103.1 MPH)
Trent Hedrick to third
Dennis French to second
Batting: LHB Jonathan Roman 0-0: Called Strike
0-1: Fly out, F9 (Flyball, 9LM, EV 82.5 MPH)
Batting: SHB Steve DeRienzo 0-0: Ball
1-0: Ball
2-0: Ball
3-0: Base on Balls
Trent Hedrick scores
Dennis French to third
Rafael Soto to second
Batting: LHB Ryan Young 0-0: Called Strike
0-1: Ground out 4-3 (Groundball, 4, EV 103.8 MPH)
Bottom of the 2nd over - 1 run, 3 hits, 0 errors, 3 left on base; Visalia 2 - Clearwater 1
TOP OF THE 3RD
Visalia Rawhide batting - Pitching for Clearwater Threshers : RHP Shamar Hansford
Batting: RHB Juan Mejia 0-0: Foul Ball, location: 2F
0-1: SINGLE (Groundball, 34, EV 106.2 MPH) (infield hit)
Batting: RHB Mike Smith 0-0: Ball
1-0: Called Strike
1-1: Called Strike
1-2: Ball
2-2: Foul Ball, location: 2F
2-2: Foul Ball, location: 2F
2-2: Foul Ball, location: 2F
2-2: Grounds into double play, 5-4-3 (Groundball, 15, EV 81.2 MPH)
Batting: RHB Cesar Rendon 0-0: Ball
1-0: Ball
2-0: Swinging Strike
2-1: Called Strike
2-2: Foul Ball, location: 2F
2-2: Foul Ball, location: 2F
2-2: SINGLE (Groundball, 56D, EV 96.2 MPH)
Batting: RHB Daniel Rivera 0-0: Fielders Choice at 2nd, 6-4 (Groundball, 6, EV 85.0 MPH)
Top of the 3rd over - 0 runs, 2 hits, 0 errors, 1 left on base; Visalia 2 - Clearwater 1
BOTTOM OF THE 3RD
Clearwater Threshers batting - Pitching for Visalia Rawhide : LHP Elias Reyes
Batting: RHB Eddie Serna 0-0: Ball
1-0: Called Strike
1-1: Ball
2-1: Ball
3-1: Foul Ball, location: 2F
3-2: Base on Balls
Batting: LHB Jason Duda 0-0: Ball
Eddie Serna is caught stealing 2nd base 2-6
1-0: Ball
2-0: Called Strike
2-1: Swinging Strike
2-2: Foul Ball, location: 2F
2-2: Ball
3-2: Base on Balls
Batting: RHB Juan Valadez 0-0: Ball
1-0: Ball
2-0: Foul Ball, location: 2F
2-1: Ball
3-1: Foul Ball, location: 2F
3-2: Base on Balls
Jason Duda to second
Batting: RHB Trent Hedrick 0-0: Foul Ball, location: 2F
0-1: Fly out, F8 (Flyball, 78M, EV 90.6 MPH)
Batting: LHB Dennis French 0-0: Called Strike
0-1: Called Strike
0-2: Ball
1-2: Ball
2-2: Fielders Choice at 2nd, 6-4 (Groundball, 6, EV 103.8 MPH)
Bottom of the 3rd over - 0 runs, 0 hits, 0 errors, 2 left on base; Visalia 2 - Clearwater 1
TOP OF THE 4TH
Visalia Rawhide batting - Pitching for Clearwater Threshers : RHP Shamar Hansford
Batting: RHB D.J. Cooke 0-0: Ball
1-0: Foul Ball, location: 2F
1-1: Ball
2-1: Fly out, F9 (Flyball, 89M, EV 81.2 MPH)
Batting: LHB Ron Mills 0-0: Called Strike
0-1: Ball
1-1: Ball
2-1: Swinging Strike
2-2: Foul Ball, location: 2F
2-2: Ball
3-2: DOUBLE (Line Drive, 89D, EV 106.9 MPH)
Batting: SHB Blaine Peters 0-0: Ball
1-0: Ball
Passed Ball!
Ron Mills to third
2-0: Ball
Passed Ball!
Ron Mills scores
3-0: Called Strike
3-1: SINGLE (Groundball, 4MD, EV 94.4 MPH)
Batting: RHB Sean Tanner 0-0: Ball
1-0: Fielders Choice at 2nd, 6-4 (Groundball, 56, EV 100.0 MPH)
Batting: LHB Julio Zamora 0-0: Swinging Strike
0-1: Fielders Choice at 2nd, 6-4 (Groundball, 4M, EV 101.9 MPH)
Top of the 4th over - 1 run, 2 hits, 0 errors, 1 left on base; Visalia 3 - Clearwater 1
BOTTOM OF THE 4TH
Clearwater Threshers batting - Pitching for Visalia Rawhide : LHP Elias Reyes
Batting: RHB Rafael Soto 0-0: Called Strike
0-1: Ball
1-1: Foul Ball, location: 2F
1-2: Fly out, F7 (Flyball, 7, EV 93.1 MPH)
Batting: LHB Jonathan Roman 0-0: Ball
1-0: Ball
2-0: Ball
3-0: Base on Balls
Batting: SHB Steve DeRienzo 0-0: Foul Ball, location: 2F
0-1: Ball
1-1: Swinging Strike
1-2: Ball
2-2: Ball
3-2: Grounds into double play, 5-4-3 (Groundball, 56, EV 85.6 MPH)
Bottom of the 4th over - 0 runs, 0 hits, 0 errors, 0 left on base; Visalia 3 - Clearwater 1
TOP OF THE 5TH
Visalia Rawhide batting - Pitching for Clearwater Threshers : RHP Shamar Hansford
Batting: RHB Juan Mejia 0-0: Called Strike
0-1: SINGLE (Groundball, 4M, EV 108.1 MPH)
Batting: RHB Mike Smith 0-0: Called Strike
0-1: Ball
1-1: Ball
2-1: Grounds into double play, 6-4-3 (Groundball, 6, EV 90.6 MPH)
Batting: RHB Cesar Rendon 0-0: Ball
1-0: Ball
2-0: Foul Ball, location: 2F
2-1: Reached on error, E5 (Groundball, 56, EV 101.2 MPH)
Batting: RHB Daniel Rivera 0-0: Ball
1-0: Swinging Strike
1-1: Ball
2-1: Ball
3-1: Called Strike
3-2: Foul Ball, location: 2F
3-2: Base on Balls
Batting: RHB D.J. Cooke 0-0: Foul Ball, location: 2F
0-1: Ball
1-1: Ball
Wild Pitch!
Cesar Rendon to third
Daniel Rivera to second
2-1: Swinging Strike
2-2: Ball
Passed Ball!
Cesar Rendon scores
Daniel Rivera to third
3-2: SINGLE (Line Drive, 8LS, EV 104.4 MPH)
Daniel Rivera scores
Pitching: LHP Justin Thornton
Batting: LHB Ron Mills 0-0: Ball
Passed Ball!
D.J. Cooke to second
1-0: DOUBLE (Line Drive, 5D, EV 97.5 MPH)
D.J. Cooke scores
Batting: SHB Blaine Peters 0-0: Ball
Passed Ball!
Ron Mills to third
1-0: Called Strike
1-1: Called Strike
1-2: DOUBLE (Groundball, 5L, EV 110.0 MPH)
Ron Mills scores
Batting: RHB Sean Tanner 0-0: Ground out 6-3 (Groundball, 6, EV 88.8 MPH)
Top of the 5th over - 4 runs, 4 hits, 1 error, 1 left on base; Visalia 7 - Clearwater 1
BOTTOM OF THE 5TH
Clearwater Threshers batting - Pitching for Visalia Rawhide : LHP Elias Reyes
Batting: LHB Ryan Young 0-0: Ball
1-0: Ball
2-0: Ball
3-0: Base on Balls
Batting: RHB Eddie Serna 0-0: Ball
1-0: Ball
2-0: Called Strike
2-1: Called Strike
2-2: Foul Ball, location: 2F
2-2: Ball
3-2: Strikes out swinging
Batting: LHB Jason Duda 0-0: Ball
1-0: Called Strike
Ryan Young is caught stealing 2nd base 2-6
1-1: Swinging Strike
1-2: Strikes out looking
Bottom of the 5th over - 0 runs, 0 hits, 0 errors, 0 left on base; Visalia 7 - Clearwater 1
TOP OF THE 6TH
Visalia Rawhide batting - Pitching for Clearwater Threshers : LHP Justin Thornton
Batting: LHB Julio Zamora 0-0: Foul Ball, location: 2F
0-1: Called Strike
0-2: Ball
1-2: Strikes out swinging
Batting: RHB Juan Mejia 0-0: Called Strike
0-1: Foul Ball, location: 2F
0-2: Strikes out swinging
Batting: RHB Mike Smith 0-0: Called Strike
0-1: Ball
1-1: Foul Ball, location: 2F
1-2: Foul Ball, location: 2F
1-2: Ball
2-2: Foul Ball, location: 2F
2-2: SOLO HOME RUN (Flyball, 89XD, EV 104.4 MPH), Distance : 377 ft
Batting: RHB Cesar Rendon 0-0: Called Strike
0-1: Called Strike
0-2: Ball
1-2: Fly out, F9 (Flyball, 89M, EV 91.9 MPH)
Top of the 6th over - 1 run, 1 hit, 0 errors, 0 left on base; Visalia 8 - Clearwater 1
BOTTOM OF THE 6TH
Clearwater Threshers batting - Pitching for Visalia Rawhide : LHP Elias Reyes
Batting: RHB Juan Valadez 0-0: Ball
1-0: Ground out 3-1 (Groundball, 34S, EV 78.8 MPH)
Batting: RHB Trent Hedrick 0-0: Foul Ball, location: 2F
0-1: SINGLE (Line Drive, 8RS, EV 100.6 MPH)
Batting: LHB Dennis French 0-0: Ball
1-0: Ball
2-0: Ball
3-0: Called Strike
3-1: Base on Balls
Trent Hedrick to second
Pitching: RHP Adam Maida
Batting: RHB Rafael Soto 0-0: Called Strike
0-1: Foul Ball, location: 2F
0-2: Fielders Choice at 2nd, 6-4 (Groundball, 6M, EV 84.4 MPH)
Trent Hedrick to third
Batting: LHB Jonathan Roman 0-0: SINGLE (Groundball, 5S, EV 69.4 MPH) (infield hit)
Trent Hedrick scores
Rafael Soto to second
Batting: SHB Steve DeRienzo 0-0: Ball
1-0: Swinging Strike
1-1: Ball
2-1: Ball
3-1: Foul Ball, location: 2F
3-2: Strikes out looking
Bottom of the 6th over - 1 run, 2 hits, 0 errors, 2 left on base; Visalia 8 - Clearwater 2
TOP OF THE 7TH
Visalia Rawhide batting - Pitching for Clearwater Threshers : LHP Justin Thornton
Batting: RHB Daniel Rivera 0-0: Ball
1-0: Ground out 4-3 (Groundball, 4M, EV 97.5 MPH)
Batting: RHB D.J. Cooke 0-0: Ball
1-0: Foul Ball, location: 2F
1-1: Ball
2-1: Called Strike
2-2: Strikes out swinging
Batting: LHB Ron Mills 0-0: Ball
1-0: Ground out U3 (Groundball, 3, EV 86.9 MPH)
Top of the 7th over - 0 runs, 0 hits, 0 errors, 0 left on base; Visalia 8 - Clearwater 2
BOTTOM OF THE 7TH
Clearwater Threshers batting - Pitching for Visalia Rawhide : RHP Adam Maida
Batting: LHB Ryan Young 0-0: SINGLE (Line Drive, 4D, EV 96.9 MPH)
Batting: RHB Eddie Serna 0-0: Called Strike
0-1: Called Strike
Ryan Young steals 2nd base
0-2: Ball
1-2: Foul Ball, location: 2F
1-2: Ball
2-2: DOUBLE (Line Drive, 8RXD, EV 99.4 MPH)
Ryan Young scores
Batting: LHB Jason Duda 0-0: Swinging Strike
0-1: Ball
1-1: Ball
2-1: Ball
3-1: Base on Balls
Batting: RHB Juan Valadez 0-0: Called Strike
0-1: Swinging Strike
0-2: Foul Ball, location: 2F
0-2: Ball
1-2: Ball
Wild Pitch!
Eddie Serna to third
Jason Duda to second
2-2: Strikes out looking
Batting: RHB Trent Hedrick 0-0: Called Strike
0-1: Swinging Strike
0-2: Ball
Wild Pitch!
Eddie Serna scores
Jason Duda to third
1-2: Ball
2-2: Foul Ball, location: 2F
2-2: Foul Ball, location: 2F
2-2: Ball
3-2: Foul Ball, location: 2F
3-2: Foul Ball, location: 2F
3-2: Foul Ball, location: 2F
3-2: Strikes out swinging
Pitching: RHP Tom Alatas
Batting: LHB Dennis French 0-0: Called Strike
0-1: Ball
1-1: Swinging Strike
1-2: Strikes out swinging
Bottom of the 7th over - 2 runs, 2 hits, 0 errors, 1 left on base; Visalia 8 - Clearwater 4
TOP OF THE 8TH
Visalia Rawhide batting - Pitching for Clearwater Threshers : LHP Justin Thornton
Pitching: RHP Si-dao Xia
Batting: SHB Blaine Peters 0-0: Foul Ball, location: 2F
0-1: Ball
1-1: Called Strike
1-2: Ball
2-2: Ball
3-2: Foul Ball, location: 2F
3-2: Ground out U3 (Groundball, 3, EV 88.1 MPH)
Batting: RHB Sean Tanner 0-0: Called Strike
0-1: Ball
1-1: Ball
2-1: Ball
3-1: Base on Balls
Batting: LHB Julio Zamora 0-0: Ball
1-0: Called Strike
1-1: Foul Ball, location: 2F
1-2: Foul Ball, location: 2F
1-2: Foul Ball, location: 2F
1-2: Ball
2-2: Ball
Wild Pitch!
Sean Tanner to second
3-2: Base on Balls
Batting: RHB Juan Mejia 0-0: Swinging Strike
Passed Ball!
Sean Tanner to third
Julio Zamora to second
0-1: Ball
1-1: Ball
2-1: Fly out, F8 (Flyball, 8RD, EV 92.5 MPH)
Runner from 3rd tags up, SCORES, throw by CF
Batting: RHB Mike Smith 0-0: Ball
1-0: Ball
2-0: Called Strike
2-1: Ball
3-1: Base on Balls
Batting: RHB Cesar Rendon 0-0: SINGLE (Flyball, 4MD, EV 94.4 MPH)
Julio Zamora to third
Mike Smith to second
Runner from 3rd tries for Home, SAFE, throw by CF to home
Batting: RHB Daniel Rivera 0-0: Ball
1-0: Ball
2-0: Ball
3-0: Called Strike
3-1: Base on Balls
Mike Smith to third
Cesar Rendon to second
Batting: RHB D.J. Cooke 0-0: Ball
1-0: Fielders Choice at 2nd, 6-4 (Groundball, 6, EV 81.9 MPH)
Top of the 8th over - 2 runs, 1 hit, 0 errors, 3 left on base; Visalia 10 - Clearwater 4
BOTTOM OF THE 8TH
Clearwater Threshers batting - Pitching for Visalia Rawhide : RHP Tom Alatas
Batting: RHB Rafael Soto 0-0: Ball
1-0: Ball
2-0: Called Strike
2-1: Fly out, F6 (Popup, 6S, EV 85.6 MPH)
Batting: LHB Jonathan Roman 0-0: Foul Ball, location: 2F
0-1: Fly out, F9 (Flyball, 9, EV 85.6 MPH)
Batting: SHB Steve DeRienzo 0-0: Fly out, F7 (Flyball, 78S, EV 85.0 MPH)
Bottom of the 8th over - 0 runs, 0 hits, 0 errors, 0 left on base; Visalia 10 - Clearwater 4
TOP OF THE 9TH
Visalia Rawhide batting - Pitching for Clearwater Threshers : RHP Si-dao Xia
Batting: LHB Ron Mills 0-0: Ball
1-0: Called Strike
1-1: Ball
2-1: Foul Ball, location: 2F
2-2: Strikes out swinging
Batting: SHB Blaine Peters 0-0: Ball
1-0: DOUBLE (Groundball, 3L, EV 101.9 MPH)
Batting: RHB Sean Tanner 0-0: Foul Ball, location: 2F
0-1: Ball
Passed Ball!
Blaine Peters to third
1-1: Swinging Strike
1-2: Ball
2-2: Strikes out swinging
Pitching: RHP Tony Machado
Batting: RHB Chad Mendoza 0-0: Called Strike
0-1: Called Strike
0-2: Ball
Passed Ball!
Blaine Peters scores
1-2: Ball
2-2: Ball
3-2: Foul Ball, location: 2F
3-2: Foul Ball, location: 2F
3-2: Base on Balls
Pinch Hitting: RHB Cullen Kelley 0-0: Ball
1-0: Ball
2-0: Ball
3-0: Base on Balls
Chad Mendoza to second
Batting: RHB Mike Smith 0-0: Ball
Passed Ball!
Chad Mendoza to third
Cullen Kelley to second
1-0: 3-RUN HOME RUN (Line Drive, 9D, EV 96.2 MPH), Distance : 370 ft
Batting: RHB Cesar Rendon 0-0: Ball
1-0: Fly out, F4 (Popup, 4, EV 65.6 MPH)
Top of the 9th over - 4 runs, 2 hits, 0 errors, 0 left on base; Visalia 14 - Clearwater 4
BOTTOM OF THE 9TH
Clearwater Threshers batting - Pitching for Visalia Rawhide : RHP Tom Alatas
Now at 1B: Cullen Kelley
Now at 3B: D.J. Cooke
Batting: LHB Ryan Young 0-0: Called Strike
0-1: Ground out 4-3 (Groundball, 4, EV 80.6 MPH)
Batting: RHB Eddie Serna 0-0: Ball
1-0: Fly out, F8 (Flyball, 8LS, EV 86.9 MPH)
Batting: LHB Jason Duda 0-0: Fly out, F9 (Flyball, 9LS, EV 89.4 MPH)
Bottom of the 9th over - 0 runs, 0 hits, 0 errors, 0 left on base; Visalia 14 - Clearwater 4
Tuesday, March 28th , 2023 - OOTP Baseball 23.10 Build 110